 Dungeon Crawl Stone Soup version 0.29-a0-1009-g60c99734e7 (webtiles) character file.

Game seed: 1669377936064817165

128 iguanaiguana the Stinger (level 5, -11/28 HPs)
             Began as a Gargoyle Venom Mage on Aug 9, 2022.
             Blown up by Ijyb (18 damage)
             ... with a mindburst bolt
             ... on level 3 of the Dungeon.
             The game lasted 00:05:42 (3126 turns).

iguanaiguana the Stinger (Gargoyle Venom Mage)      Turns: 3126, Time: 00:05:43

Health: -11/28     AC:  7    Str: 12    XL:     5   Next: 12%
Magic:  5/8        EV: 11    Int: 17    God:
Gold:   72         SH:  0    Dex: 10    Spells: 5/8 levels left

rFire   . . .      SeeInvis .   e - +1 dagger (drain)
rCold   . . .      Faith    .   (no shield)
rNeg    + + .      Spirit   .   a - +0 robe
rPois   ∞          Reflect  .   (no helmet)
rElec   +          Harm     .   (no cloak)
rCorr   .          Rampage  .   h - +0 pair of gloves
Will    .....                   (no boots)
Stlth   ++........              f - amulet of the acrobat
HPRegen 0.09/turn               o - ring of positive energy
MPRegen 0.11/turn               (no ring)

@: no status effects
A: sickness immunity, AC +4, negative energy resistance 1, electricity
resistance, torment resistance 1, petrification resistance
a: no special abilities


You were on level 3 of the Dungeon.
You visited 1 branch of the dungeon, and saw 3 of its levels.

You collected 72 gold pieces.

Inventory:

Hand Weapons
 e - a +1 dagger of draining (weapon)
Missiles
 j - 3 boomerangs
Armour
 a - a +0 robe (worn)
 h - a +0 pair of gloves (worn)
Jewellery
 f - an amulet of the acrobat (around neck)
 o - a ring of positive energy (left hand)
Scrolls
 c - a scroll of immolation {unknown}
 d - 3 scrolls of identify {unknown}
 g - a scroll of teleportation {unknown}
 m - a scroll of enchant weapon {unknown}
 n - a scroll of noise {unknown}
Potions
 b - a potion of magic
 i - a potion of flight {unknown}
 k - a potion of invisibility {unknown}
 l - 2 potions of degeneration {unknown}


   Skills:
 - Level 1.5 Dodging
 - Level 2.1 Stealth
 - Level 2.0 Spellcasting
 - Level 0.7 Transmutations
 - Level 2.0 Air Magic
 + Level 4.9 Poison Magic


You had 5 spell levels left.
You knew the following spells:

 Your Spells              Type           Power      Damage    Failure   Level
a - Sting                 Tmut/Pois      44%        1d5       6%          1
b - Poisonous Vapours     Pois/Air       26%        N/A       7%          2

Your spell library contained the following spells:

 Spells                   Type           Power      Damage    Failure   Level
 Mephitic Cloud           Conj/Pois/Air  9%         N/A       22%         3
 Olgreb's Toxic Radiance  Pois           18%        N/A       26%         4
 Leda's Liquefaction      Hex/Erth       0%         N/A       88%         4
 Lee's Rapid Deconstruct  Erth           0%         3d5*      99%         5
 Statue Form              Tmut/Erth      Unusable   N/A       N/A         6

Dungeon Overview and Level Annotations

Branches:
Dungeon (3/15) Zot: 14874

Altars:

Shops:
D:1 !

Annotations:
D:2 Terence
D:3 Ijyb


Innate Abilities, Weirdness & Mutations

You are immune to sickness and miasma.
Your stone body is resilient. (AC +4)
You are immune to poison.
You resist negative energy. (rN+)
You are resistant to electric shocks. (rElec)
You are resistant to unholy torment.
You are immune to petrification.


Message History

Aiming: Sting (safe; 6% risk of failure)
Press: ? - help, Shift-Dir - straight line, f - frilled lizard
Aim: a frilled lizard (asleep, 100% to hit)
The sting hits the frilled lizard.
The frilled lizard is poisoned.
The frilled lizard is heavily wounded.
You kill the frilled lizard!
You see here a bat corpse.
You see here an adder corpse.
Ijyb the Twisted Goblin comes into view.
She is wielding a +0 club and carrying a wand of mindburst (20).
Ijyb shouts!
Casting: Sting (safe; 6% risk of failure)
Confirm with . or Enter, or press ? or * to list all spells.
Aiming: Sting (safe; 6% risk of failure)
Press: ? - help, Shift-Dir - straight line, f - Ijyb
Aim: Ijyb, wielding a +0 club, wearing a +0 scale mail and carrying a wand of mindburst (20) (68% to hit)
The sting hits Ijyb.
Ijyb is poisoned.
Ijyb is lightly wounded.
Ijyb hits you with a +0 club.
Casting: Sting (safe; 6% risk of failure)
Confirm with . or Enter, or press ? or * to list all spells.
Aiming: Sting (safe; 6% risk of failure)
Press: ? - help, Shift-Dir - straight line, f/p - Ijyb
Aim: Ijyb, wielding a +0 club, wearing a +0 scale mail and carrying a wand of mindburst (20) (lightly wounded, poisoned, 68% to hit)
The sting hits Ijyb.
Ijyb looks even sicker.
Ijyb is lightly wounded.
Casting: Sting (safe; 6% risk of failure)
Confirm with . or Enter, or press ? or * to list all spells.
Aiming: Sting (safe; 6% risk of failure)
Press: ? - help, Shift-Dir - straight line, f/p - Ijyb
Aim: Ijyb, wielding a +0 club, wearing a +0 scale mail and carrying a wand of mindburst (20) (lightly wounded, very poisoned, 68% to hit)
The sting misses Ijyb.
Ijyb zaps a wand.
Your mind is blasted!
Ouch! That really hurt!
* * * LOW HITPOINT WARNING * * *
You aren't carrying any items that you can evoke.
Okay, then.
You hit Ijyb but do no damage.
Ijyb is moderately wounded.
Ijyb zaps a wand.
Your mind is blasted!
Ouch! That really hurt!
You die...

#### #############
###..###...#.[#..#.# .
#.g..#@###...##.##.#
....####.#.#g.#.###....#..#
.........#+#.#..#.###.†..##
........## ###.#..#.###...#
........# ###.#..#.###†#
......... ###.#..#.#'#
......... ###......#
.........# ##.#..#.##
....####.# ##.#..#.##


You could see Ijyb (very poisoned).

Vanquished Creatures
  Jessica (D:2)
  An iguana (D:2)
  3 adders
  An orc (D:2)
  8 bats
  5 endoplasms
  2 giant cockroaches
  A hobgoblin (D:2)
  5 jackals (D:2)
  11 kobolds
  A quokka (D:2)
  3 ball pythons
  4 frilled lizards
  5 rats
51 creatures vanquished.

Notes
Turn   | Place    | Note
-------+----------+-------------------------------------------
     0 | D:1      | iguanaiguana the Gargoyle Venom Mage began the quest for
                  | the Orb.
     0 | D:1      | Reached XP level 1. HP: 10/10 MP: 3/3
   451 | D:1      | Found Tomopt's Distillery.
   774 | D:1      | Reached XP level 2. HP: 15/15 MP: 3/5
  1133 | D:1      | Found a faded altar of an unknown god.
  1435 | D:2      | Noticed Terence
  1477 | D:2      | Reached skill level 4 in Poison Magic
  1569 | D:2      | Reached XP level 3. HP: 19/19 MP: 6/6
  1572 | D:2      | Learned a level 2 spell: Poisonous Vapours
  2168 | D:2      | Noticed Jessica
  2188 | D:2      | Killed Jessica
  2189 | D:2      | Reached skill level 1 in Air Magic
  2189 | D:2      | Reached XP level 4. HP: 24/24 MP: 3/7
  2616 | D:2      | Reached XP level 5. HP: 25/28 MP: 2/8
  3114 | D:3      | Noticed Ijyb
  3126 | D:3      | Blown up by Ijyb

Illustrated notes

Levels and vault maps discovered:
D:1:      dpeg_arrival_arbitrary_c, layout_basic,
          hellmonk_ecumenical_altar_slurped_away, serial_shops,
          nicolae_diamond_shop, chequers_serial_rivers_micro_e,
          minmay_indecisive_spiral
D:2:      layout_basic, minmay_misc_feat_hallway, uniq_jessica, uniq_terence
D:3:      minmay_razor_zed, layout_basic, uniq_ijyb

Skill      XL: |  1  2  3  4 |
---------------+-------------+-----
Poison Magic   | 4 |  4.9
Air Magic      | 1 2 |  2.0
Dodging        | |  1.5
Stealth        | |  2.1
Spellcasting   | |  2.0
Transmutations | |  0.7

Action                   |  1- 3 |  4- 6 || total
-------------------------+-------+-------++-------
Melee: Unarmed           |    17 |       ||    17
       Dagger            |    37 |    14 ||    51
       Short sword       |     1 |       ||     1
 Cast: Sting             |    59 |    37 ||    96
 Stab: Sleeping          |       |     1 ||     1
Armor: Robe              |    39 |    13 ||    52
Dodge: Dodged            |    72 |    24 ||    96

Table legend: (Time is in decaauts)
 A = Elapsed time spent in this place.
 B = Non-inter-level travel time spent in this place.
 C = Inter-level travel time spent in this place.
 D = Time resting spent in this place.
 E = Time spent auto-exploring this place.
 F = Levels seen in this place.
 G = Mean time per level.
                   A        B        C        D        E       F      G
               +--------+--------+--------+--------+--------+-----+--------+
         Total |   3124 |   3050 |     74 |    403 |   2185 |   3 | 1041.3 |
       Dungeon |   3124 |   3050 |     74 |    403 |   2185 |   3 | 1041.3 |
               +--------+--------+--------+--------+--------+-----+--------+

Top non-repeatable levels by time:
     D:2: 1528 daAuts
     D:1: 1457 daAuts
     D:3: 138 daAuts
